 Dungeon Crawl Stone Soup version 0.30.0-17-ge0270778cf (webtiles) character file.

Game seed: 9924085165353356701

53 SnakkuSnakku7 the Charlatan (level 3, -1/32 HPs)
             Began as an Armataur Artificer on May 21, 2023.
             Killed from afar by Jessica (10 damage)
             ... with a puff of flame
             ... on level 2 of the Dungeon.
             The game lasted 00:01:14 (1075 turns).

SnakkuSnakku7 the Charlatan (Armataur Artificer)    Turns: 1075, Time: 00:01:15

Health: -1/32      AC:  8    Str: 19    XL:     3   Next: 64%
Magic:  3/3        EV: 21    Int: 11    God:
Gold:   65         SH:  0    Dex: 10    Spells: 2/2 levels left

rFire   . . .        i - +0 hand axe
rCold   . . .        (no shield)
rNeg    . . .        m - +0 chain mail
rPois   .            (no helmet)
rElec   .            (no cloak)
rCorr   .            f - +0 pair of gloves
SInv    .            (no barding)
Will    .....        j - amulet of the acrobat Stlth
                     (no ring)
HPRegen 0.25/turn    (no ring)
MPRegen 0.08/turn

%: acrobat, roll
@: acrobatic, slowed, very slow
A: large, rugged brown scales 3, deformed body, armoured tail, roll, long
tongue, awkward tongue
a: no special abilities


You were on level 2 of the Dungeon.
You visited 1 branch of the dungeon, and saw 2 of its levels.

You collected 65 gold pieces.

Inventory:

Hand Weapons
 a - a +0 club
 i - a +0 hand axe (weapon)
Armour
 b - a +0 leather armour
 f - a +0 pair of gloves (worn)
 m - a +0 chain mail (worn)
Jewellery
 j - an amulet of the acrobat (around neck)
Wands
 c - a wand of flame (15) (quivered)
 d - a wand of charming (15)
 e - a wand of iceblast (5)
Scrolls
 h - a scroll of enchant armour {unknown}
 k - a scroll of fog {unknown}
 l - a scroll of teleportation {unknown}
 n - 3 scrolls of amnesia {unknown}
 q - a scroll of immolation {unknown}
 r - a scroll of vulnerability {unknown}
 s - a scroll of enchant weapon {unknown}
Potions
 g - a potion of attraction {unknown}
 o - 2 potions of degeneration {unknown}
 p - a potion of lignification {unknown}


   Skills:
 + Level 2.4 Fighting
 + Level 1.7 Axes
 - Level 2.4 Armour
 - Level 0.6 Dodging
 - Level 1.1 Stealth
 - Level 3.0 Evocations


You had 2 spell levels left.
You didn't know any spells.
Your spell library contained the following spells:

 Spells                   Type           Power      Damage    Failure   Level
 Summon Lightning Spire   Summ/Air       0%         N/A       100%        4
 Storm Form               Tmut/Air       0%         N/A       100%        7
 Maxwell's Capacitive Co  Air            0%         ∞         100%        8


Dungeon Overview and Level Annotations

Branches:
Dungeon (2/15)

Altars:

Annotations:
D:2 Jessica


Innate Abilities, Weirdness & Mutations

You are completely covered in rugged brown scales. (AC +3, +7% HP)
Armour fits poorly on your strangely shaped body.
You have a long armoured tail.
You roll when moving toward enemies. (Rampage)
Your long tongue fully drains potion bottles. (2x potion effects)
Your tongue gives you trouble enunciating. (1.5x scroll delay)


Message History

You roll towards Jessica!
Jessica says, "I'm really upset."
Jessica mumbles some strange words.
Jessica seems to speed up.
You closely miss Jessica. You tail-slap Jessica!
Jessica is almost dead.
Jessica casts a spell at you.
You barely resist.
Jessica looks very angry.
Jessica gestures wildly while chanting.
Jessica blinks!
The giant cockroach bites you but does no damage.
You hit the giant cockroach.
Your tail-slap misses the giant cockroach.
The giant cockroach is lightly wounded.
Jessica points at you and mumbles some strange words.
Pain shoots through your body! The giant cockroach bites you.
Jessica gestures wildly while chanting.
Jessica blinks!
You are too injured to fight recklessly!
You are too injured to fight recklessly!
You barely miss the giant cockroach. You tail-slap the giant cockroach.
You kill the giant cockroach!
Jessica casts a spell at you.
You feel yourself slow down. Jessica casts a spell at you.
You feel as though you will be slow longer.
Jessica points at you and mumbles some strange words.
You feel as though you will be slow longer.
Unknown command.
Jessica casts a spell.
Jessica blinks!
Jessica shouts, "I don't like beings like you!"
Jessica gestures at you while chanting. Pain shoots through your body!
Jessica attacks as you move away! Jessica hits you but does no damage.
Jessica hits you with a +0 club.
* * * LOW HITPOINT WARNING * * *
Jessica zaps a wand.
The puff of flame hits you!
You die...

#.#...# .........
#.###.# .......†.
#.# #.# .........
#.# #.# .........
#.###.# .........
#.....# .......†.
############+####...
#...............#...
#..@.......†....#...
#..@.......†....#...
#...............'...
#...(...........#...
#...............#...
#...............#...
#...............###.
#...............# #.
#...............# #.


You could see Jessica (fast).

Vanquished Creatures
  An adder (D:2)
  A worm (D:2)
  3 dart slugs (D:1)
  2 ball pythons (D:1)
  An endoplasm (D:1)
  3 giant cockroaches (D:2)
  4 goblins (D:1)
  3 hobgoblins
  6 jackals (D:1)
  2 kobolds (D:1)
  A quokka (D:1)
  2 frilled lizards (D:1)
  A rat (D:1)
30 creatures vanquished.

Notes
Turn   | Place    | Note
-------+----------+-------------------------------------------
     0 | D:1      | SnakkuSnakku7 the Armataur Artificer began the quest for
                  | the Orb.
     0 | D:1      | Reached XP level 1. HP: 16/16 MP: 1/1
    77 | D:1      | Reached skill level 1 in Fighting
   291 | D:1      | Reached XP level 2. HP: 20/24 MP: 2/2
   332 | D:1      | Reached skill level 1 in Axes
   512 | D:1      | Reached XP level 3. HP: 30/31 MP: 3/3
   713 | D:1      | Found a faded altar of an unknown god.
  1065 | D:2      | Noticed Jessica
  1075 | D:2      | Killed from afar by Jessica

Illustrated notes

Levels and vault maps discovered:
D:1:      matt_arrival_grand_opening, layout_loops_corners,
          dilly_ecumenical_altar_fadedgnrine, minmay_small_reverse_x
D:2:      minmay_wonky_spiral, layout_basic, serial_shops, shop,
          chequers_avenue, uniq_natasha, uniq_sigmund, uniq_jessica

Skill      XL: |  1  2 |
---------------+-------+-----
Fighting       | 1 2 |  2.4
Axes           | 1 |  1.7
Armour         | |  2.4
Dodging        | |  0.6
Stealth        | |  1.1
Evocations     | |  3.0

Action                     || total
---------------------------++-------
  Melee: Club              ||    17
         Hand axe          ||    84
         Tailslap          ||    12
         Punch             ||     3
   Stab: Sleeping          ||     1
 Armour: Leather armour    ||    20
         Chain mail        ||    30
  Dodge: Dodged            ||    59
